 Dungeon Crawl Stone Soup version 0.26-a0-651-gb41185065b (webtiles) character file.

Game seed: 16582635012806488274

649918 inmateoo the Axe Maniac (level 27, -16/237 HPs)
             Began as a Minotaur Fighter on Oct 10, 2020.
             Was the Champion of Okawaru.
             Demolished by an Orb Guardian (19 damage)
             ... on level 5 of the Realm of Zot on Oct 11, 2020.
             The game lasted 01:15:44 (58305 turns).

inmateoo the Axe Maniac (Minotaur Fighter)         Turns: 58305, Time: 01:15:44

Health: -16/237    AC: 31    Str: 28 (31) XL:     27
Magic:  31/47      EV: 13    Int:  0 (5)  God:    Okawaru [******]
Gold:   7101       SH:  0    Dex: 17 (20) Spells: 26/26 levels left

rFire    + + +     SeeInvis +   n - +11 war axe of the Heavens {drain, rElec MR+ MP+9}
rCold    + + +     Faith    .   M - +2 shield of Resistance {rF++ rC++ MR++}
rNeg     + . .     Spirit   .   S - +8 chain mail "Voxkasej" {*Drain +Blink rPois}
rPois    +         Reflect  .   c - +0 mask of the Dragon {MR+ Slay+3 SInv}
rElec    +         Harm     .   K - +2 cloak "Paetuz" {Dex+6}
rCorr    .         Rampage  .   A - +0 pair of gloves {Str+3}
MR       +++++                  O - +2 pair of boots "Xuamihex" {rElec rF+}
Stlth    ..........             X - amulet of regeneration
HPRegen  0.89/turn              U - +4 ring of slaying
MPRegen  0.30/turn              W - ring "Reacecaigo" {*Corrode rF+ rC+ rN+ MP+9}

@: marked, held, slowed, lost intelligence, studying Long Blades, very slow
A: retaliatory headbutt, hooves 1, horns 2, deformed body, frail 1, screaming 2,
weak 1
}: 3/15 runes: decaying, serpentine, silver
a: Heroism, Finesse, Renounce Religion, Evoke Blink


You were on level 5 of the Realm of Zot.
You worshipped Okawaru.
Okawaru was exalted by your worship.
You visited 9 branches of the dungeon, and saw 47 of its levels.
You also visited: Ice Cave and Desolation.

You collected 8841 gold pieces.
You spent 1740 gold pieces at shops.

Inventory:

Hand Weapons
 n - the +11 war axe of the Heavens (weapon) {drain, rElec MR+ MP+9}
   (You bought it in a shop on level 1 of the Vaults)

   A truly terrible weapon, it drains the life of those it strikes.
   It insulates you from electricity.
   It affects your resistance to hostile enchantments.
   It affects your magic capacity (+9).
 z - a +9 broad axe of venom
 V - a +4 trishula of holy wrath
Missiles
 m - 13 throwing nets (quivered)
Armour
 c - the +0 mask of the Dragon (worn) {MR+ Slay+3 SInv}
   (You found it on level 3 of the Realm of Zot)

   It affects your accuracy and damage with ranged weapons and melee attacks
   (+3).
   It affects your resistance to hostile enchantments.
   It lets you see invisible.
 u - a +0 crystal plate armour
 A - a +0 pair of gloves of strength (worn)
 K - the +2 cloak "Paetuz" (worn) {Dex+6}
   (Okawaru gifted it to you on level 3 of the Realm of Zot)

   It affects your dexterity (+6).
 M - the +2 shield of Resistance (worn) {rF++ rC++ MR++}
   (You found it on level 11 of the Dungeon)

   It greatly protects you from fire.
   It greatly protects you from cold.
   It affects your resistance to hostile enchantments.
 O - the +2 pair of boots "Xuamihex" (worn) {rElec rF+}
   (Okawaru gifted it to you on level 9 of the Dungeon)

   It protects you from fire.
   It insulates you from electricity.
 S - the +8 chain mail "Voxkasej" (worn) {*Drain +Blink rPois}
   (Okawaru gifted it to you on level 4 of the Swamp)

   It protects you from poison.
   It lets you blink.
   It causes draining when unequipped.
Jewellery
 g - a +4 ring of protection
 o - an uncursed ring of resist corrosion
 H - the ring of Liarom {*Drain rElec MR- rCorr SInv}
   (You took it off an orc priest on level 7 of the Dungeon)

   [ring of resist corrosion]

   It insulates you from electricity.
   It affects your resistance to hostile enchantments.
   It lets you see invisible.
   It provides partial protection from all sources of acid and corrosion.
   It causes draining when unequipped.
 R - an uncursed ring of see invisible
 U - a +4 ring of slaying (left hand)
 W - the ring "Reacecaigo" (right hand) {*Corrode rF+ rC+ rN+ MP+9}
   (You found it in the Desolation of Salt)

   [ring of magical power]

   It protects you from fire.
   It protects you from cold.
   It protects you from negative energy.
   It affects your magic capacity (+9).
   It may corrode you when you take damage.
 X - an amulet of regeneration (around neck)
Wands
 x - a wand of paralysis (56)
 y - a wand of digging (33)
 B - a wand of acid (16)
 C - a wand of random effects (78)
 D - a wand of flame (81)
 E - a wand of iceblast (51)
 G - a wand of polymorph (23)
 N - a wand of disintegration (85)
Scrolls
 a - 11 scrolls of identify
 p - 4 scrolls of blinking
 r - 15 scrolls of remove curse
 w - 6 scrolls of teleportation
 F - 9 scrolls of amnesia
 I - 8 scrolls of fear
 L - 2 scrolls of holy word
 Q - 5 scrolls of fog
 Y - 2 scrolls of silence
Potions
 d - 3 potions of might
 e - 2 potions of invisibility
 f - 14 potions of curing
 h - 2 potions of flight
 i - 9 potions of stabbing
 j - 14 potions of brilliance
 k - 10 potions of heal wounds
 l - 3 potions of cancellation
 q - 15 potions of ambrosia
 s - 14 potions of lignification
 t - 3 potions of berserk rage
 v - 9 potions of mutation
 P - 5 potions of haste
 T - 4 potions of magic
Books
 b - a manual of Long Blades


   Skills:
 + Level 24.4 Fighting
 O Level 27 Axes
 + Level 24.4 Armour
 + Level 22.7 Dodging
 + Level 24.4 Shields
 - Level 10.0 Invocations


You had 26 spell levels left.
You didn't know any spells.
Your spell library contained the following spells:

 Spells                   Type           Power        Failure   Level
 Animate Skeleton         Necr           #.....       87%         1
 Apportation              Tloc           #.....       87%         1
 Beastly Appendage        Tmut           #.....       87%         1
 Corona                   Hex            #......      87%         1
 Foxfire                  Conj/Fire      #...         87%         1
 Freeze                   Ice            #...         87%         1
 Magic Dart               Conj           #...         87%         1
 Pain                     Necr           #...         87%         1
 Sandblast                Erth           #.....       87%         1
 Shock                    Conj/Air       #...         87%         1
 Sting                    Tmut/Pois      #...         87%         1
 Summon Small Mammal      Summ           #...         87%         1
 Call Imp                 Summ           #.......     95%         2
 Ensorcelled Hibernation  Hex/Ice        #.....       95%         2
 Passwall                 Tmut/Erth      #.......     95%         2
 Poisonous Vapours        Pois/Air       #.....       95%         2
 Searing Ray              Conj           #.....       95%         2
 Swiftness                Air            #.......     95%         2
 Wereblood                Tmut           #.......     95%         2
 Call Canine Familiar     Summ           #.......     99%         3
 Confusing Touch          Hex            #.......     99%         3
 Conjure Flame            Conj/Fire      #.......     99%         3
 Dazzling Flash           Conj/Hex       #.....       99%         3
 Frozen Ramparts          Ice            #.....       99%         3
 Gell's Gravitas          Tloc           #.........   99%         3
 Ignite Poison            Fire/Tmut/Pois #.......     99%         3
 Inner Flame              Hex/Fire       #.......     99%         3
 Lesser Beckoning         Tloc           #.........   99%         3
 Mephitic Cloud           Conj/Pois/Air  #.......     99%         3
 Ozocubu's Armour         Ice            #.......     99%         3
 Spider Form              Tmut/Pois      #.........   99%         3
 Static Discharge         Conj/Air       #.......     99%         3
 Stone Arrow              Conj/Erth      #.....       99%         3
 Summon Guardian Golem    Hex/Summ       #.......     99%         3
 Tukima's Dance           Hex            #.......     99%         3
 Vampiric Draining        Necr           #.........   99%         3
 Airstrike                Air            #.........   100%        4
 Animate Dead             Necr           #.........   100%        4
 Cause Fear               Hex            #.........   100%        4
 Fulminant Prism          Conj/Hex       #.........   100%        4
 Hailstorm                Conj/Ice       #.......     100%        4
 Ice Form                 Ice/Tmut       #.......     100%        4
 Iskenderun's Mystic Bla  Conj/Tloc      #.......     100%        4
 Olgreb's Toxic Radiance  Pois           #.......     100%        4
 Passage of Golubria      Tloc           N/A          100%        4
 Petrify                  Tmut/Erth      #.......     100%        4
 Sticky Flame             Conj/Fire      #.......     100%        4
 Summon Ice Beast         Ice/Summ       #.......     100%        4
 Summon Lightning Spire   Summ/Air       #.......     100%        4
 Agony                    Necr           #.......     100%        5
 Alistair's Intoxication  Tmut/Pois      #........    100%        5
 Blade Hands              Tmut           #.........   100%        5
 Bolt of Magma            Conj/Fire/Erth #.........   100%        5
 Fireball                 Conj/Fire      #.........   100%        5
 Iskenderun's Battlesphe  Conj           #.......     100%        5
 Lee's Rapid Deconstruct  Erth           #.........   100%        5
 Lightning Bolt           Conj/Air       #.........   100%        5
 Metabolic Englaciation   Hex/Ice        #.........   100%        5
 Silence                  Hex/Air        #.........   100%        5
 Yara's Violent Unravell  Hex/Tmut       #.........   100%        5
 Conjure Ball Lightning   Conj/Air       #.........   100%        6
 Dispersal                Tloc           #.........   100%        6
 Eringya's Noxious Bog    Tmut/Pois      #.........   100%        6
 Freezing Cloud           Conj/Ice/Air   #.........   100%        6
 Invisibility             Hex            #.......     100%        6
 Iron Shot                Conj/Erth      #.........   100%        6
 Ozocubu's Refrigeration  Ice            #.........   100%        6
 Shadow Creatures         Summ           N/A          100%        6
 Simulacrum               Ice/Necr       #.........   100%        6
 Starburst                Conj/Fire      #.........   100%        6
 Dragon Form              Tmut           #.........   100%        7
 Orb of Destruction       Conj           #.........   100%        7
 Spellforged Servitor     Conj/Summ      #.........   100%        7
 Summon Hydra             Summ           #.........   100%        7
 Discord                  Hex            #.........   100%        8
 Ignition                 Fire           #.........   100%        8
 Dragon's Call            Summ           #.........   100%        9
 Tornado                  Air            #.........   100%        9


Dungeon Overview and Level Annotations

Branches:
Dungeon (15/15)            Temple (1/1) D:5            Lair (6/6) D:9
  Swamp (4/4) Lair:3        Snake (4/4) Lair:3        Slime (0/5) Lair:5
    Orc (2/2) D:12            Elf (0/3) Orc:2        Vaults (5/5) D:14
  Crypt (0/3) Vaults:3     Depths (5/5) D:15            Zot (5/5) Depths:5
  IceCv (visited)         Desolation (visited)

Altars:
Ashenzari
Cheibriados
Dithmenos
Elyvilon
Fedhas
Gozag
Hepliaklqana
Makhleb
Nemelex Xobeh
Okawaru
Qazlal
Ru
Sif Muna
Trog
Uskayaw
Vehumet
Wu Jian
Xom
Yredelemnul
Zin
The Shining One
Beogh
Jiyva

Shops:
D:5 :   D:8 [   D:9 [   Orc:1 (   Orc:2 [!*(   Snake:3 (   Snake:4 }}=
Vaults:1 :(   Vaults:4 [   Vaults:5 (   Depths:2 (}}}*

Portals:
Hell: Depths:1 Depths:2 Depths:3 Depths:4 Depths:5
Abyss: Depths:4
Pandemonium: Depths:3
Ziggurat: Depths:4

Annotations:
D:11 1 runed translucent door


Innate Abilities, Weirdness & Mutations

You reflexively headbutt those who attack you in melee.
You have a pair of horns on your head.
You have large cloven feet.
Armour fits poorly on your strangely shaped body.
You are frail. (-10% HP)
You sometimes yell uncontrollably at your foes.
You are weak. (Str -2)


Message History

The Orb Guardian pulls the alarm!
The alarm trap emits a blaring wail!
A sentinel's mark forms upon you.
The Orb Guardian hits you but does no damage. x2
The Orb Guardian hits you!
* * * LOW HITPOINT WARNING * * *
A moth of wrath comes into view.
The Orb Guardian hits you!
* * * LOW HITPOINT WARNING * * *
The Orb Guardian completely misses you. You furiously retaliate!
You headbutt the Orb Guardian! The Orb Guardian hits you!!
* * * LOW HITPOINT WARNING * * *
The Orb Guardian hits you but does no damage.
The Orb Guardian hits you.
* * * LOW HITPOINT WARNING * * *
A white draconian comes into view. It is wielding a +2 vorpal glaive.
The Orb Guardian barely misses you. You furiously retaliate!
You headbutt the Orb Guardian. The Orb Guardian misses you.
The Orb Guardian hits you!!
You die...

*▓▓▓▓▓▓▓▓# #▓▓▓▓▓▓▓ ,,,,,****
****,,, ,,,,,,,,*** ***,,,,,,
,,,,,,,^,,** **,,,,,,,,
,,,,,,,,^,,* ▓▓▓▓▓▓▓▓▓ *,,,,,,,,,
^,,,,,,,,,,*▓▓......^▓▓*,,,,,,,,,
,,,,,,,,,,,▓▓........^▓▓,,,,,,,,,
,,,,,,,,,^.▓...XXXX....▓,,,,,,,,,
,,,,,,,,,.y...XX@XX.....,,,,^,,,,
,,,,,,,,,.d▓...XXX.....▓,,,,,,,,,
,^,,,,,,,,,▓▓....X^...▓▓,,,,,,,,,
,,,,,,,,,,,*▓▓.......▓▓*^,,,,,,,,
,,,,,,,,,,,* ▓▓▓▓▓▓▓▓▓ *,,,,,,,,^
,,,,,,,,,,** **,,,,,,,,
,,,,,,,,*** ***,,,,,, ,,,,,****
****,,, ****** ****


You could see a white draconian, 12 Orb Guardians and a moth of wrath.

Vanquished Creatures
  Mennas (Vaults:4)
  The ghost of Rawid the Impregnable, a legendary DsFi of Okawaru (Zot:3)
  The ghost of Juoxtaps the Wrestler, a master TrAr of Okawaru (Zot:3)
  2 orbs of fire
  2 ancient liches
  A juggernaut (Depths:1)
  The ghost of Kaphap the Slayer, a legendary GrBe of Trog (Zot:3)
  Margery (Vaults:4)
  5 curse toes
  The ghost of Abeir the Shatterer, a legendary GrFi of Okawaru (Zot:3)
  Xtahua (Vaults:4)
  4 Killer Klowns (Zot:5)
  The ghost of Hodeof the Champion of Chaos, a veteran DDFi of Makhleb (Zot:3)
  Vashnia (Snake:4)
  A caustic shrike (Depths:1)
  Saint Roka (Snake:3)
  10 golden dragons
  Nikola (Snake:4)
  The ghost of Iruirgha the Slayer, a veteran OpFi of Gozag (Zot:3)
  the Enchantress (Depths:5)
  5 large abominations
  A bone dragon (Swamp:4)
  An iron giant (shapeshifter) (Depths:4)
  The ghost of Bolloll the Champion of Chaos, an adept DDFi of Makhleb (Zot:3)
  16 tentacled monstrosities
  Rupert (Lair:3)
  10 Orb Guardians (Zot:5)
  8 titans
  A quicksilver dragon (shapeshifter) (Vaults:5)
  A lich (Depths:3)
  7 quicksilver dragons
  4 sphinxes
  The ghost of Flugslaktarn the Severer, an adept DDFi of Makhleb (Swamp:3)
  10 death cobs
  Gastronok (D:8)
  A thorn hunter (Swamp:2)
  Agnes (Snake:4)
  Kirke (Swamp:4)
  19 storm dragons
  15 tengu reavers
  12 shadow dragons
  8 nagarajas
  6 draconian monks
  22 frost giants
  The ghost of EnegeticOcto the Peltast, a journeyman DDFi of Makhleb (Snake:2)
  10 draconian knights
  22 fire giants
  2 balrugs (Zot:1)
  2 iron dragons
  2 deep elf sorcerers
  9 vault wardens
  5 draconian scorchers
  A deep elf elementalist (Vaults:5)
  Aizul (Snake:3)
  3 draconian shifters
  8 ghost moths
  9 draconian stormcallers
  25 stone giants
  2 war gargoyles
  8 draconian annihilators
  3 spriggan defenders (Depths:5)
  16 very ugly things
  2 vampire knights
  10 ironheart preservers
  7 black draconians
  Nessos (D:12)
  A deep elf demonologist (Vaults:1)
  13 green draconians
  4 small abominations
  2 lorocyprocas (Depths:4)
  9 yellow draconians
  8 purple draconians
  5 halazid warlocks (Desolation)
  A spark wasp (shapeshifter) (Depths:5)
  10 white draconians
  4 deep elf annihilators
  3 spark wasps
  8 red draconians
  A dire elephant (shapeshifter) (Depths:4)
  13 ettins
  2 blizzard demons (IceCv)
  6 great orbs of eyes
  3 crystal guardians
  21 fire dragons
  11 yaktaur captains
  A jiangshi (Vaults:3)
  7 rakshasas
  3 deep elf high priests
  A peacekeeper (Desolation)
  12 ice dragons
  Harold (D:7)
  8 ragged hierophants (Desolation)
  13 servants of whispers (Desolation)
  The ghost of qborf the Destroyer, a journeyman OpCj of Vehumet (Lair:3)
  Fannar (D:11)
  5 ghost crabs (Swamp:4)
  39 vault guards
  A shambling mangrove (Swamp:4)
  3 juggernaut simulacra (Depths:4)
  A catoblepas (Lair:6)
  2 death knights
  Erica (D:8)
  14 naga warriors
  10 spriggan air magi
  33 two-headed ogres
  11 centaur warriors
  16 hydras
  13 ogre magi
  12 deep troll shamans
  32 anacondas
  2 hell hogs (Depths:5)
  A death yak (shapeshifter) (Depths:4)
  10 deep troll earth magi
  An alligator (shapeshifter) (Vaults:5)
  5 spriggan berserkers
  7 alligators
  2 tengu warriors
  A dancing weapon (Depths:4)
  4 orc high priests
  9 deep elf knights
  7 shock serpents
  21 naga sharpshooters
  Nergalle (D:11)
  9 iron trolls
  A storm dragon skeleton (Vaults:5)
  6 skeletal warriors
  6 hell knights
  A salamander mystic (Snake:3)
  4 shadow wraiths
  An unseen horror (D:11)
  44 deep trolls
  6 deep elf archers
  An unseen horror (shapeshifter) (Vaults:3)
  2 spriggan druids (Swamp:2)
  3 glowing orange brains
  6 wizards
  12 naga ritualists
  3 spectral hydras (Swamp:4)
  A lindwurm (shapeshifter) (Depths:1)
  24 ironbrand convokers
  A lindwurm (Lair:6)
  5 phantasmal warriors
  Pikel (D:8)
  7 necromancers
  A mana viper (shapeshifter) (Depths:4)
  5 wolf spiders
  11 harpies
  6 orc knights
  A human zombie (Vaults:3)
  7 oklob plants
  An orb spider (shapeshifter) (Vaults:3)
  14 mana vipers
  A cyclops (shapeshifter) (Depths:4)
  3 orc sorcerers
  49 ugly things
  A manticore (D:11)
  A fire giant zombie (Vaults:5)
  12 deep elf magi
  A manticore (shapeshifter) (Vaults:4)
  A shadow dragon skeleton (Vaults:5)
  35 moths of wrath
  11 cyclopes
  2 stone giant zombies
  12 salamanders
  9 vault sentinels
  A human skeleton (Vaults:3)
  2 water nymphs (shapeshifter)
  6 torpor snails (Lair:6)
  A spectral spriggan (Swamp:3)
  40 black mambas
  The ghost of PanSaczeczos the Ruffian, a novice DrTm (D:6)
  18 guardian serpents
  6 elephants (Lair:4)
  A stone giant skeleton (Vaults:3)
  Joseph (D:8)
  2 eyes of devastation (shapeshifter)
  A torpor snail (shapeshifter) (Vaults:1)
  11 cane toads
  32 naga magi
  An ice statue (IceCv)
  A cane toad (shapeshifter) (Depths:3)
  A molten gargoyle (Desolation)
  A gargoyle (D:12)
  5 rime drakes
  3 efreet
  2 kobold demonologists (D:11)
  10 freezing wraiths
  33 yaktaurs
  4 hydra zombies (Swamp:4)
  6 anaconda simulacra (IceCv)
  4 swamp worm zombies (Swamp:4)
  7 ice devils (IceCv)
  A jumping spider (shapeshifter) (Vaults:1)
  5 komodo dragons
  A tengu conjurer (Depths:1)
  A queen bee (Lair:1)
  12 tyrant leeches
  A queen bee (shapeshifter) (Vaults:1)
  3 trolls (shapeshifter)
  15 hornets
  8 bog bodies
  Prince Ribbit (D:7)
  75 saltlings (Desolation)
  21 trolls
  A hornet (shapeshifter) (Vaults:3)
  11 polar bears
  A raiju (Lair:6)
  A slime creature (shapeshifter) (Depths:4)
  13 hippogriffs
  4 spectral swamp dragons (Swamp:4)
  50 slime creatures
  A wolf spider simulacrum (IceCv)
  A hippogriff (shapeshifter) (Depths:2)
  3 alligator zombies (Swamp:4)
  12 blink frogs
  A stone giant simulacrum (Vaults:2)
  10 dream sheep
  A spectral tyrant leech (Swamp:3)
  10 water elementals
  3 wyverns
  10 spriggans
  2 shadows (D:15)
  3 hogs (Swamp:4)
  3 wraiths
  14 yaks
  9 vampire mosquitoes
  Eustachio (D:6)
  Grum (D:11)
  3 basilisks
  12 wargs
  A death yak simulacrum (IceCv)
  A swamp worm (shapeshifter) (Depths:4)
  Menkaure (D:6)
  2 harpy simulacra (IceCv)
  15 swamp worms
  A naga (shapeshifter) (Vaults:3)
  A spectral cane toad (Swamp:3)
  A deep troll zombie (Vaults:3)
  54 nagas
  20 water moccasins
  An iron troll simulacrum (IceCv)
  2 insubstantial wisps (Swamp:4)
  An acid dragon (Vaults:1)
  4 hydra simulacra (IceCv)
  22 hell hounds
  7 porcupines
  A spectral hornet (Swamp:3)
  A floating eye (Depths:2)
  6 sky beasts
  16 black bears
  33 orc warriors
  A necrophage (D:7)
  3 swamp dragon zombies (Swamp:4)
  An alligator simulacrum (IceCv)
  8 swamp drakes
  5 ice beasts
  2 ettin simulacra (IceCv)
  An eye of draining (shapeshifter) (Vaults:3)
  7 phantoms
  A tengu (shapeshifter) (Depths:3)
  37 wolves
  42 ogres
  11 boggarts
  15 centaurs
  8 crocodiles
  A lemure (D:8)
  9 gnoll sergeants
  A tyrant leech simulacrum (Swamp:3)
  A big kobold (D:12)
  12 bullfrogs
  A glowing shapeshifter simulacrum (Vaults:3)
  A deep troll simulacrum (Vaults:3)
  A wyvern skeleton (D:11)
  6 scorpions
  41 killer bees
  3 howler monkeys (D:9)
  16 wights
  11 electric eels
  A bullfrog zombie (D:11)
  5 human simulacra
  2 quasits
  3 jellies
  A draconian simulacrum (IceCv)
  10 hounds
  2 bullfrog skeletons
  3 centaur zombies
  3 gnoll shamans (D:8)
  38 orc priests
  Ijyb (D:4)
  8 centaur skeletons
  Crazy Yiuf (D:4)
  6 iguanas
  Terence (D:2)
  Natasha (thrice) (D:4)
  29 orc wizards
  17 worker ants
  4 hell rats (Lair:2)
  A statue (D:4)
  3 spriggan simulacra
  4 troll simulacra (IceCv)
  A wolf simulacrum (IceCv)
  A centaur simulacrum (IceCv)
  A hound zombie (D:4)
  A hound skeleton (D:4)
  A howler monkey zombie (D:7)
  38 gnolls
  2 naga simulacra (IceCv)
  2 ogre simulacra (IceCv)
  21 adders
  A shadow imp (Depths:1)
  8 white imps
  10 ufetubi
  8 oozes
  A swamp drake simulacrum (Swamp:3)
  3 adder zombies
  An adder skeleton (D:7)
  5 worms
  3 dart slugs
  6 leopard geckos
  102 orcs
  3 bats (D:1)
  8 giant cockroaches
  10 goblins
  10 hobgoblins
  15 jackals
  21 kobolds
  6 quokkas
  5 frilled lizards
  A jackal skeleton (D:4)
  A leopard gecko skeleton (D:4)
  3 rats
  3 crawling corpses (Vaults:5)
2516 creatures vanquished.

Vanquished Creatures (collateral kills)
  An anaconda (Snake:4)
  A naga ritualist (Snake:4)
  A black mamba (Snake:4)
3 creatures vanquished.

Vanquished Creatures (others)
  An ironheart preserver (Vaults:1)
  A stone giant (Depths:1)
  3 ragged hierophants (Desolation)
  A spectral alligator (Swamp:3)
  A deep elf mage (Vaults:4)
  A naga mage (Snake:4)
  4 humans (Swamp:4)
  7 insubstantial wisps (Swamp:4)
  3 swamp worms
  2 swamp drakes
  An ogre (Zot:2)
  20 fungi
  149 plants
194 creatures vanquished.

Grand Total: 2713 creatures vanquished

Notes
Turn   | Place    | Note
-------+----------+-------------------------------------------
     0 | D:1      | inmateoo the Minotaur Fighter began the quest for the Orb.
     0 | D:1      | Reached XP level 1. HP: 19/19 MP: 0/0
    35 | D:1      | Reached XP level 2. HP: 25/27 MP: 1/1
   293 | D:1      | Reached skill level 3 in Axes
   518 | D:1      | Reached skill level 1 in Dodging
   586 | D:1      | Reached XP level 3. HP: 25/33 MP: 2/2
   658 | D:2      | Found a shimmering blue altar of Sif Muna.
   697 | D:1      | Reached XP level 4. HP: 37/40 MP: 3/3
   812 | D:2      | Noticed Terence
   820 | D:2      | Killed Terence
   820 | D:2      | Reached skill level 4 in Axes
   989 | D:2      | Reached XP level 5. HP: 46/47 MP: 4/4
  1137 | D:2      | Found an ornate altar of the Wu Jian Council.
  1137 | D:2      | Found a glowing golden altar of the Shining One.
  1169 | D:2      | Found a bloodstained altar of Trog.
  1894 | D:3      | Found a snail-covered altar of Cheibriados.
  2106 | D:4      | Noticed Natasha
  2119 | D:4      | Killed Natasha
  2119 | D:4      | Reached XP level 6. HP: 36/53 MP: 5/5
  2243 | D:4      | Found a radiant altar of Vehumet.
  2361 | D:4      | Noticed Natasha
  2367 | D:4      | Killed Natasha
  2367 | D:4      | Reached skill level 5 in Axes
  2465 | D:4      | Noticed Natasha
  2471 | D:4      | Killed Natasha
  2477 | D:4      | Reached skill level 5 in Fighting
  2516 | D:4      | Reached skill level 5 in Armour
  2516 | D:4      | Reached skill level 5 in Shields
  2561 | D:4      | Reached XP level 7. HP: 42/61 MP: 6/6
  2900 | D:4      | Noticed Ijyb
  2906 | D:4      | Paralysed by Ijyb for 5 turns
  2913 | D:4      | Killed Ijyb
  2950 | D:4      | Reached skill level 6 in Axes
  3111 | D:4      | Found a runed translucent door.
  3112 | D:4      | Noticed Crazy Yiuf
  3252 | D:4      | Killed Crazy Yiuf
  3284 | D:5      | Entered Level 5 of the Dungeon
  3420 | D:5      | Found a staircase to the Ecumenical Temple.
  3437 | Temple   | Entered the Ecumenical Temple
  3541 | Temple   | Became a worshipper of Warmaster Okawaru
  3665 | D:5      | Found an opulent altar of Gozag.
  3666 | D:5      | Found a shimmering altar of Xom.
  3733 | D:5      | You fall into a shaft and drop 1 floor!
  3739 | D:6      | Noticed Menkaure
  3754 | D:6      | Killed Menkaure
  3754 | D:6      | Reached XP level 8. HP: 14/70 MP: 7/7
  4252 | D:5      | Paralysed by an orc priest for 4 turns
  4258 | D:5      | Reached skill level 7 in Axes
  4267 | D:5      | Found Ybolizubra's Book Shop.
  4413 | D:6      | You fall into a shaft and drop 2 floors!
  4413 | D:8      | Noticed Gastronok
  4537 | D:6      | Found a white marble altar of Elyvilon.
  4551 | D:6      | Found a stormy altar of Qazlal.
  4700 | D:6      | Found a broken altar of Ashenzari.
  4742 | D:6      | Noticed Eustachio
  4755 | D:6      | Killed Eustachio
  4755 | D:6      | Reached * piety under Okawaru
  4797 | D:6      | Found a runed translucent gate.
  4797 | D:6      | Found a runed translucent gate.
  4799 | D:6      | Found a runed translucent gate.
  4800 | D:6      | Noticed PanSaczeczos's ghost (novice DrTm)
  4803 | D:6      | Found a roughly hewn altar of Beogh.
  4803 | D:6      | Identified the +8 battleaxe of the Forest {vorpal, Fragile
                  | rN+ MR+ Dex+3}
  4803 | D:6      | Identified the cursed +0 chain mail "Xiff" {+Inv Regen+
                  | Stlth-}
  4894 | D:6      | Reached skill level 8 in Axes
  5163 | D:6      | Reached skill level 5 in Dodging
  5163 | D:6      | Reached XP level 9. HP: 26/78 MP: 6/8
  5490 | D:6      | Killed PanSaczeczos's ghost
  5490 | D:6      | Reached ** piety under Okawaru
  5490 | D:6      | Reached skill level 9 in Axes
  5755 | D:7      | Noticed Harold
  5779 | D:7      | Killed Harold
  5779 | D:7      | Reached *** piety under Okawaru
  5779 | D:7      | Reached skill level 10 in Axes
  5853 | D:7      | Noticed Prince Ribbit
  5891 | D:7      | Reached XP level 10. HP: 45/88 MP: 9/9
  6039 | D:7      | Killed Prince Ribbit
  6256 | D:7      | Found a bloodstained altar of Trog.
  6378 | D:7      | Reached **** piety under Okawaru
  6402 | D:7      | Identified the ring of Liarom {*Drain rElec MR- rCorr SInv}
  6788 | D:8      | Reached skill level 11 in Axes
  6830 | D:8      | Received a gift from Okawaru
  6880 | D:8      | Noticed Pikel
  6893 | D:8      | Killed Pikel
  6935 | D:8      | Killed Gastronok
  7053 | D:8      | Reached XP level 11. HP: 85/96 MP: 10/10
  7188 | D:8      | Noticed Joseph
  7213 | D:8      | Killed Joseph
  7213 | D:8      | Reached ***** piety under Okawaru
  7219 | D:8      | Found Resir's Antique Armour Shop.
  7397 | D:8      | Noticed Erica
  7406 | D:8      | Killed Erica
  7406 | D:8      | Reached skill level 12 in Axes
  7940 | D:9      | Found a snail-covered altar of Cheibriados.
  7980 | D:9      | Found a staircase to the Lair.
  8167 | D:9      | Received a gift from Okawaru
  8170 | D:9      | Got a pair of polished boots {god gift}
  8182 | D:9      | Identified the +2 pair of boots "Xuamihex" {rElec rF+}
                  | (Okawaru gifted it to you on level 9 of the Dungeon)
  8201 | D:9      | Found a hazy altar of Hepliaklqana.
  8233 | D:9      | Found a burning altar of Makhleb.
  8253 | D:9      | Found Lioroeryss's Armour Shoppe.
  8657 | D:10     | Entered Level 10 of the Dungeon
  8877 | D:10     | Reached skill level 10 in Shields
  9060 | D:10     | Reached skill level 1 in Invocations
  9391 | D:11     | Found a runed translucent door.
  9392 | D:11     | Noticed a fire dragon
  9393 | D:11     | Noticed an ice dragon
  9394 | D:11     | Noticed a fire dragon
  9395 | D:11     | Noticed an ice dragon
  9396 | D:11     | Found the +2 shield of Resistance {rF++ rC++ MR++}
  9407 | D:11     | Noticed a five-headed hydra
  9720 | D:11     | Reached skill level 13 in Axes
  9724 | D:11     | Found a runed translucent door.
  9730 | D:11     | Noticed Fannar
  9784 | D:11     | Killed Fannar
  9784 | D:11     | Reached skill level 10 in Fighting
  9939 | D:11     | Reached skill level 10 in Armour
 10214 | D:11     | Reached XP level 12. HP: 103/105 MP: 11/13
 10296 | D:11     | Noticed Nergalle
 10319 | D:11     | Killed Nergalle
 10349 | D:11     | Noticed an eight-headed hydra
 10441 | D:11     | Received a gift from Okawaru
 10478 | D:11     | Noticed Grum
 10500 | D:11     | Killed Grum
 10816 | D:11     | Killed an eight-headed hydra
 10816 | D:11     | Reached ****** piety under Okawaru
 10823 | D:11     | Killed a nine-headed hydra
 10840 | D:11     | Killed an ice dragon
 10840 | D:11     | Received a gift from Okawaru
 10849 | D:11     | Killed an ice dragon
 10850 | D:11     | Killed a fire dragon
 10850 | D:11     | Reached skill level 14 in Axes
 10850 | D:11     | Reached skill level 5 in Invocations
 10855 | D:11     | Killed a fire dragon
 10989 | D:12     | Noticed Nessos
 11013 | D:12     | Killed Nessos
 11070 | D:12     | Got spiked shadow dragon scales
 11103 | D:11     | Identified the +0 shadow dragon scales "Vabbeph" {Rampage
                  | *Slow rCorr Int+5 Stlth++++} (You found it on level 12 of
                  | the Dungeon)
 11144 | D:12     | You fall into a shaft and drop 2 floors!
 11336 | D:12     | Received a gift from Okawaru
 11572 | D:12     | Found a staircase to the Orcish Mines.
 11577 | D:12     | Reached XP level 13. HP: 102/115 MP: 16/16
 11822 | D:12     | Got a transparent broad axe
 11824 | D:12     | Identified the +2 broad axe of Gomehioc {flame, rC+} (You
                  | found it on level 12 of the Dungeon)
 11943 | D:12     | Identified Batitt's Almanac of the Ashen Escort
 12815 | D:14     | Reached skill level 15 in Axes
 13055 | D:14     | Found a gate to the Vaults.
 13070 | D:14     | Reached skill level 10 in Dodging
 13093 | D:14     | Received a gift from Okawaru
 13195 | D:15     | Entered Level 15 of the Dungeon
 13263 | D:15     | Received a gift from Okawaru
 13288 | D:15     | Reached XP level 14. HP: 97/124 MP: 19/19
 13810 | D:15     | Reached skill level 16 in Axes
 13896 | D:15     | Found a staircase to the Depths.
 14279 | Lair:1   | Entered Level 1 of the Lair of Beasts
 14443 | Lair:1   | Received a gift from Okawaru
 15296 | Lair:2   | You fall into a shaft and drop 2 floors!
 16520 | Lair:5   | Reached skill level 10 in Invocations
 16875 | Lair:5   | Reached XP level 15. HP: 133/133 MP: 21/21
 16996 | Lair:5   | Found a runed translucent door.
 16996 | Lair:5   | Found a viscous altar of Jiyva.
 17177 | Lair:5   | Found a staircase to the Slime Pits.
 17197 | Lair:6   | Entered Level 6 of the Lair of Beasts
 17392 | Lair:6   | Received a gift from Okawaru
 17490 | Lair:6   | Reached skill level 17 in Axes
 18109 | Lair:6   | Found a runed translucent door.
 18717 | Lair:3   | Noticed Rupert
 18719 | Lair:3   | Paralysed by Rupert for 2 turns
 18726 | Lair:3   | Killed Rupert
 18800 | Lair:3   | Found a staircase to the Snake Pit.
 18938 | Lair:3   | Found a staircase to the Swamp.
 19015 | Lair:3   | You fall into a shaft and drop 1 floor!
 19221 | Lair:3   | Received a gift from Okawaru
 19379 | Lair:3   | Found a runed translucent door.
 19381 | Lair:3   | Noticed qborf's ghost (journeyman OpCj)
 19382 | Lair:3   | Identified the +2 trident of the Protecting Spider {freeze,
                  | +Blink}
 19787 | Lair:3   | Killed qborf's ghost
 20373 | Orc:1    | Entered Level 1 of the Orcish Mines
 20379 | Orc:1    | Found Xicoeweb's Antique Weapon Shoppe.
 20675 | Orc:2    | Entered Level 2 of the Orcish Mines
 20842 | Orc:1    | Reached skill level 18 in Axes
 21158 | Orc:1    | Received a gift from Okawaru
 21158 | Orc:1    | Reached XP level 16. HP: 132/143 MP: 22/22
 21172 | Orc:1    | Got a faintly glowing hand axe {god gift}
 21173 | Orc:1    | Identified the +9 hand axe of Siesigat {pain, rC++}
                  | (Okawaru gifted it to you on level 1 of the Orcish Mines)
 21704 | Orc:2    | Found Ykkyubol's General Store.
 21704 | Orc:2    | Found Archumni's Armour Shop.
 21705 | Orc:2    | Found Adwelak's Distillery.
 21708 | Orc:2    | Found Ros Ito's Antique Weapon Boutique.
 21711 | Orc:2    | Bought a potion of curing for 39 gold pieces
 21711 | Orc:2    | Bought a scroll of identify for 26 gold pieces
 21713 | Orc:2    | Bought a potion of curing for 33 gold pieces
 21713 | Orc:2    | Bought a potion of haste for 110 gold pieces
 21748 | Orc:2    | Found a staircase to the Elven Halls.
 22284 | Swamp:1  | Entered Level 1 of the Swamp
 22671 | Swamp:1  | Found a hide-covered altar of Uskayaw.
 23065 | D:8      | Bought swamp dragon scales for 1000 gold pieces
 23228 | Swamp:2  | Received a gift from Okawaru
 23295 | Swamp:2  | Noticed a thorn hunter
 23303 | Swamp:2  | Killed a thorn hunter
 23947 | Swamp:3  | Found a frozen archway.
 23951 | IceCv    | Entered an ice cave
 24521 | Swamp:3  | Reached skill level 19 in Axes
 24572 | Swamp:3  | Found a runed translucent gate.
 24572 | Swamp:3  | Found a runed translucent gate.
 24572 | Swamp:3  | Found a runed translucent gate.
 24581 | Swamp:3  | Noticed Flugslaktarn's ghost (adept DDFi)
 24671 | Swamp:3  | Killed Flugslaktarn's ghost
 25346 | Swamp:4  | Entered Level 4 of the Swamp
 25513 | Swamp:4  | Noticed Kirke
 25514 | Swamp:4  | Received a gift from Okawaru
 25533 | Swamp:4  | Killed Kirke
 25591 | Swamp:4  | Identified the +8 battleaxe of Innocence {vorpal, Int+5}
                  | (Okawaru gifted it to you on level 4 of the Swamp)
 25784 | Swamp:4  | Reached XP level 17. HP: 56/153 MP: 23/23
 26518 | Swamp:4  | Noticed a bone dragon
 26923 | Swamp:4  | Killed a bone dragon
 26923 | Swamp:4  | Received a gift from Okawaru
 27057 | Swamp:4  | Identified the +8 chain mail "Voxkasej" {*Drain +Blink
                  | rPois} (Okawaru gifted it to you on level 4 of the Swamp)
 27187 | Swamp:4  | Got a decaying rune of Zot
 27455 | Snake:1  | Entered Level 1 of the Snake Pit
 28133 | Snake:1  | Reached skill level 15 in Shields
 28145 | Snake:1  | Reached skill level 15 in Fighting
 28401 | Snake:2  | Reached skill level 20 in Axes
 28432 | Snake:2  | Reached skill level 15 in Armour
 28475 | Snake:2  | Received a gift from Okawaru
 28834 | Snake:2  | Found a runed translucent door.
 28834 | Snake:2  | Noticed EnegeticOcto's ghost (journeyman DDFi)
 29139 | Snake:2  | Killed EnegeticOcto's ghost
 29242 | Snake:3  | Received a gift from Okawaru
 29410 | Snake:3  | Noticed Aizul
 29428 | Snake:3  | Killed Aizul
 29978 | Snake:3  | Reached XP level 18. HP: 113/160 MP: 24/24
 30015 | Snake:3  | Noticed Saint Roka
 30034 | Snake:3  | Killed Saint Roka
 30522 | Snake:3  | Found Ateykuam's Antique Weapon Boutique.
 30993 | Snake:4  | Entered Level 4 of the Snake Pit
 30998 | Snake:4  | Noticed Nikola
 31011 | Snake:4  | Killed Nikola
 31130 | Snake:4  | Received a gift from Okawaru
 31138 | Snake:4  | Identified the +1 scale mail of Ruasaegio {rPois Str+2
                  | Dex+3} (Okawaru gifted it to you on level 4 of the Snake
                  | Pit)
 31468 | Snake:4  | Reached skill level 21 in Axes
 31912 | Snake:4  | Noticed Vashnia
 31981 | Snake:4  | Killed Vashnia
 32284 | Snake:4  | Identified the ring of Equilibrium {+Blink MR- Str+6 Int-5
                  | Dex+10}
 32350 | Snake:4  | Noticed Agnes
 32364 | Snake:4  | Killed Agnes
 32596 | Snake:4  | Found Keqann's Gadget Boutique.
 32598 | Snake:4  | Found Naos's Jewellery Shoppe.
 32602 | Snake:4  | Found Qijuoris's Gadget Boutique.
 32710 | Snake:4  | Received a gift from Okawaru
 32767 | Snake:4  | Reached XP level 19. HP: 74/169 MP: 25/25
 32996 | Snake:4  | Reached skill level 15 in Dodging
 33526 | Snake:4  | Received a gift from Okawaru
 33568 | Snake:4  | Got a serpentine rune of Zot
 33943 | Vaults:1 | Entered Level 1 of the Vaults
 33960 | Vaults:1 | Found Otwewek's Book Boutique.
 34013 | Vaults:1 | Reached skill level 22 in Axes
 35071 | Vaults:1 | Found Jezenate's Antique Weapon Emporium.
 35086 | Vaults:1 | Bought an ancient war axe for 382 gold pieces
 35086 | Vaults:1 | Identified the +11 war axe of the Heavens {drain, rElec MR+
                  | MP+9} (You bought it in a shop on level 1 of the Vaults)
 35563 | Vaults:2 | Received a gift from Okawaru
 36242 | Vaults:2 | Reached XP level 20. HP: 119/184 MP: 26/26
 36688 | Vaults:3 | Found a staircase to the Crypt.
 36691 | Vaults:3 | Received a gift from Okawaru
 36862 | Vaults:3 | Reached skill level 23 in Axes
 37725 | Vaults:4 | Received a gift from Okawaru
 37771 | Vaults:4 | Found a ruined gateway.
 37792 | Desolati | Entered the Desolation of Salt
 37903 | Desolati | Identified the Tome of the Virous Voyage
 38492 | Desolati | Reached XP level 21. HP: 155/193 MP: 27/27
 38600 | Desolati | Got a brightly glowing platinum ring
 38601 | Desolati | Identified the ring "Reacecaigo" {*Corrode rF+ rC+ rN+
                  | MP+9} (You found it in the Desolation of Salt)
 38608 | Desolati | Got a scorched silver ring
 38609 | Desolati | Identified the ring of Cigruokh {*Drain rF+ Str+7 Int+2
                  | Dex-5} (You found it in the Desolation of Salt)
 38625 | Desolati | Received a gift from Okawaru
 38768 | Desolati | Identified the +3 plate armour "Vadi" {+Inv rN+ Str+4} (You
                  | found it in the Desolation of Salt)
 39198 | Vaults:4 | Found Purry's Antique Armour Emporium.
 39289 | Vaults:4 | Reached skill level 24 in Axes
 39377 | Vaults:4 | Noticed Margery
 39391 | Vaults:4 | Killed Margery
 39899 | Vaults:4 | Noticed Xtahua
 39907 | Vaults:4 | Killed Xtahua
 39918 | Vaults:4 | Noticed Mennas
 39953 | Vaults:4 | Killed Mennas
 40372 | Vaults:5 | Entered Level 5 of the Vaults
 40418 | Vaults:5 | Noticed a golden dragon
 40419 | Vaults:5 | Received a gift from Okawaru
 40450 | Vaults:5 | Killed a golden dragon
 40465 | Vaults:5 | Reached XP level 22. HP: 147/204 MP: 28/28
 40675 | Vaults:5 | Noticed a golden dragon
 40690 | Vaults:5 | Reached skill level 25 in Axes
 40695 | Vaults:4 | Received a gift from Okawaru
 41164 | Vaults:4 | Killed a golden dragon
 42284 | Vaults:4 | Received a gift from Okawaru
 42667 | Vaults:5 | Noticed a golden dragon
 42881 | Vaults:5 | Killed a golden dragon
 43851 | Vaults:4 | Received a gift from Okawaru
 44547 | Vaults:5 | Identified a +1 pair of boots of running (Okawaru gifted it
                  | to you on level 5 of the Vaults)
 44618 | Vaults:5 | Identified the Catalogue of the Traveller and Heat
 44631 | Vaults:5 | Identified a scroll of acquirement
 44631 | Vaults:5 | Acquired 768 gold pieces
 44676 | Vaults:5 | Found Ulifonam's Weapon Boutique.
 44731 | Vaults:5 | Reached XP level 23. HP: 213/213 MP: 29/29
 44936 | Vaults:5 | Identified the Papyrus of Flamy Lightness
 45262 | Vaults:5 | Got a silver rune of Zot
 45287 | Vaults:5 | Identified the ring of Ubroedoxock {MP+9 Dex+4}
 45402 | Vaults:5 | Identified the +10 war axe of Duty {elec, rF- MR+ MP+9
                  | Int+5} (You found it on level 5 of the Vaults)
 45614 | Depths:1 | Entered Level 1 of the Depths
 45669 | Depths:1 | Received a gift from Okawaru
 45669 | Depths:1 | Reached skill level 26 in Axes
 46027 | Depths:1 | Found a huge runed gate.
 46027 | Depths:1 | Found a huge runed gate.
 46027 | Depths:1 | Found a huge runed gate.
 46027 | Depths:1 | Found a huge runed gate.
 46027 | Depths:1 | Found a huge runed gate.
 46027 | Depths:1 | Found a huge runed gate.
 46028 | Depths:1 | Found a huge runed gate.
 46030 | Depths:1 | Found a huge runed gate.
 46033 | Depths:1 | Found a huge runed gate.
 46036 | Depths:1 | Found a huge runed gate.
 46036 | Depths:1 | Found a huge runed gate.
 46036 | Depths:1 | Found a huge runed gate.
 46036 | Depths:1 | Found a huge runed gate.
 46036 | Depths:1 | Found a huge runed gate.
 46036 | Depths:1 | Found a huge runed gate.
 46044 | Depths:1 | Found a huge runed gate.
 46045 | Depths:1 | Found a huge runed gate.
 46047 | Depths:1 | Found a huge runed gate.
 46047 | Depths:1 | Found a huge runed gate.
 46047 | Depths:1 | Found a huge runed gate.
 46047 | Depths:1 | Found a huge runed gate.
 46047 | Depths:1 | Found a huge runed gate.
 46078 | Depths:1 | Found a gateway to Hell.
 46101 | Depths:1 | Found a huge runed gate.
 46102 | Depths:1 | Found a huge runed gate.
 46103 | Depths:1 | Found a huge runed gate.
 46104 | Depths:1 | Found a huge runed gate.
 46252 | Depths:1 | Noticed a juggernaut
 46252 | Depths:1 | Noticed a caustic shrike
 46263 | Depths:1 | Killed a caustic shrike
 46272 | Depths:1 | Killed a juggernaut
 46654 | Depths:1 | Received a gift from Okawaru
 46760 | Depths:2 | Received a gift from Okawaru
 46904 | Depths:2 | Found Moagiji's Gadget Boutique.
 46905 | Depths:2 | Found Zucy's General Store.
 46905 | Depths:2 | Found Butisask's Gadget Boutique.
 46910 | Depths:2 | Found Jot Aba's Gadget Shop.
 46913 | Depths:2 | Bought a scroll of blinking for 150 gold pieces
 47009 | Depths:2 | Found Ystemm's Antique Weapon Shoppe.
 47973 | Depths:3 | Reached XP level 24. HP: 203/224 MP: 29/29
 48314 | Depths:3 | Found a one-way gate leading to the halls of Pandemonium.
 48491 | Depths:4 | Received a gift from Okawaru
 48512 | Depths:4 | Found a gateway to a ziggurat.
 48514 | Depths:4 | You fall into a shaft and drop 1 floor!
 48514 | Depths:5 | Entered Level 5 of the Depths
 48555 | Depths:5 | Reached skill level 27 in Axes
 48676 | Depths:4 | Found a one-way gate to the infinite horrors of the Abyss.
 48853 | Depths:4 | Noticed an ancient lich
 48875 | Depths:4 | Killed an ancient lich
 49626 | Depths:5 | Received a gift from Okawaru
 49818 | Depths:5 | Noticed the Enchantress
 49852 | Depths:5 | Received a gift from Okawaru
 50402 | Depths:5 | Found a gate to the Realm of Zot.
 50418 | Depths:5 | Reached XP level 25. HP: 135/235 MP: 29/29
 50431 | Depths:5 | Killed the Enchantress
 51131 | Zot:1    | Entered Level 1 of the Realm of Zot
 51517 | Zot:1    | Noticed an orb of fire
 51526 | Zot:1    | Gained mutation: You occasionally shout uncontrollably at
                  | your foes. [an orb of fire]
 51527 | Zot:1    | Gained mutation: You have large cloven feet. [an orb of
                  | fire]
 51531 | Zot:1    | Killed an orb of fire
 51607 | Zot:1    | Identified the +0 hat of the Hanged Man {rElec rC+ Dex-4
                  | SInv} (You found it on level 1 of the Realm of Zot)
 52157 | Zot:1    | Identified the Handbook of Hexes and Conjuration
 52197 | Zot:1    | Received a gift from Okawaru
 52621 | Zot:2    | Received a gift from Okawaru
 53728 | Zot:2    | Reached XP level 26. HP: 222/248 MP: 29/29
 54230 | Zot:3    | Found a transporter.
 54231 | Zot:3    | Found the +0 mask of the Dragon {MR+ Slay+3 SInv}
 54235 | Zot:3    | Found a huge runed gate.
 54239 | Zot:3    | Found a huge runed gate.
 54239 | Zot:3    | Found a huge runed gate.
 54240 | Zot:3    | Found a huge runed gate.
 54240 | Zot:3    | Found a huge runed gate.
 54245 | Zot:3    | Found a huge runed gate.
 54245 | Zot:3    | Found a huge runed gate.
 54245 | Zot:3    | Found a huge runed gate.
 54245 | Zot:3    | Found a huge runed gate.
 54245 | Zot:3    | Found a huge runed gate.
 54245 | Zot:3    | Found a huge runed gate.
 54245 | Zot:3    | Found a huge runed gate.
 54246 | Zot:3    | Found a huge runed gate.
 54247 | Zot:3    | Found a huge runed gate.
 54255 | Zot:3    | Found a huge runed gate.
 54255 | Zot:3    | Found a huge runed gate.
 54255 | Zot:3    | Found a huge runed gate.
 54255 | Zot:3    | Found a huge runed gate.
 54255 | Zot:3    | Found a huge runed gate.
 54255 | Zot:3    | Found a huge runed gate.
 54255 | Zot:3    | Found a huge runed gate.
 54256 | Zot:3    | Found a huge runed gate.
 54287 | Zot:3    | Found a transporter.
 54581 | Zot:3    | Received a gift from Okawaru
 54690 | Zot:3    | Identified the +7 broad axe "Tebuudiss" {protect, rPois
                  | rC++} (Okawaru gifted it to you on level 3 of the Realm of
                  | Zot)
 54721 | Zot:3    | Noticed Hodeof's ghost (veteran DDFi)
 54721 | Zot:3    | Noticed Iruirgha's ghost (veteran OpFi)
 54721 | Zot:3    | Noticed Bolloll's ghost (adept DDFi)
 54721 | Zot:3    | Noticed Kaphap's ghost (legendary GrBe)
 54721 | Zot:3    | Noticed Juoxtaps's ghost (master TrAr)
 54721 | Zot:3    | Noticed Rawid's ghost (legendary DsFi)
 54721 | Zot:3    | Noticed Abeir's ghost (legendary GrFi)
 54722 | Zot:3    | Found the +18 shield of the Gong {rElec rN+ MR+ EV-5}
 54977 | Zot:3    | Killed Rawid's ghost
 55174 | Zot:3    | Killed Iruirgha's ghost
 55174 | Zot:3    | Received a gift from Okawaru
 55197 | Zot:3    | Killed Juoxtaps's ghost
 55412 | Zot:3    | Killed Abeir's ghost
 55659 | Zot:3    | Killed Bolloll's ghost
 55690 | Zot:3    | Killed Kaphap's ghost
 55791 | Zot:3    | Killed Hodeof's ghost
 55799 | Zot:3    | Identified the +2 cloak "Paetuz" {Dex+6} (Okawaru gifted it
                  | to you on level 3 of the Realm of Zot)
 56224 | Zot:4    | Received a gift from Okawaru
 56287 | Zot:4    | Reached XP level 27. HP: 259/259 MP: 29/29
 57509 | Zot:4    | Received a gift from Okawaru
 57546 | Zot:4    | Identified the +3 pair of boots of Proximity {rPois Str+4
                  | Stlth+} (Okawaru gifted it to you on level 4 of the Realm
                  | of Zot)
 57587 | Zot:5    | Entered Level 5 of the Realm of Zot
 58071 | Zot:5    | Noticed an ancient lich
 58090 | Zot:5    | Killed an ancient lich
 58179 | Zot:5    | Noticed an orb of fire
 58185 | Zot:5    | Gained mutation: Armour fits poorly on your strangely
                  | shaped body. [an orb of fire]
 58188 | Zot:5    | Gained mutation: You are weak. (Str -2) [an orb of fire]
 58189 | Zot:5    | Gained mutation: You are frail. (-10% HP) [an orb of fire]
 58197 | Zot:5    | Gained mutation: You sometimes yell uncontrollably at your
                  | foes. [an orb of fire]
 58202 | Zot:5    | Killed an orb of fire
 58219 | Zot:5    | Lost intelligence.
 58227 | Zot:5    | Received a gift from Okawaru
 58305 | Zot:5    | HP: 8/237 [Orb Guardian (21)]
 58305 | Zot:5    | HP: 3/237 [Orb Guardian (5)]
 58305 | Zot:5    | Demolished by an Orb Guardian

Illustrated notes

Levels and vault maps discovered:
D:1:      eino_arrival_water_cross, layout_loops_cross, minmay_fountain_box,
          minmay_misc_feat_roman
D:2:      layout_rooms, grunt_temple_overflow_open, serial_bayou_pond_a,
          kennysheep_cross_bottleneck, trog_hazing_becter, uniq_terence
D:3:      corexii_shack_village, layout_basic, old_standard_altar
D:4:      layout_rooms, vehumet_statue, minmay_joined_circles, uniq_natasha,
          uniq_crazy_yiuf_cottage, uniq_ijyb
D:5:      layout_gridville, gammafunk_temple_overflow_pools,
          minmay_temple_entry_proselytizer, serial_shops, shop_statue
D:6:      layout_loops_ring, cheibrodos_ashenzari_chains,
          nicolae_overflow_crystal_walls, kennysheep_little_box,
          biasface_ghost_orc_armoury, minmay_between, uniq_eustachio,
          uniq_menkaure
D:7:      minmay_octagon_keep, layout_basic, trog_ov_bears_minmay,
          uniq_prince_ribbit1, uniq_harold
D:8:      layout_cave_pools, serial_gnoll_camp, gnoll_camp_mini_shop,
          gnoll_camp_huts_moat, gnoll_camp_mini_hut, gnoll_camp_medium_01,
          gnoll_camp_mini_hut, minmay_manual_mail, uniq_gastronok, uniq_joseph,
          uniq_pikel, uniq_erica
D:9:      layout_long_grid, kennysheep_mini, lemuel_coloured_pillars_altar,
          david_lair_generic, serial_shops, shop, cheibriados_altar_1
D:10:     layout_loops_ring, minmay_misc_feat_pillars
D:11:     layout_roguey, minmay_guarded_unrand_resistance, uniq_nergalle,
          uniq_fannar, uniq_grum
D:12:     layout_roguey, kennysheep_orc_monster_closet_entryway,
          chequers_serial_rivers_small_3, minmay_the_grid_square_5x5_3x3_mashed
          [minmay_the_grid_square_5x5_bracketed,
          minmay_the_grid_square_5x5_inverted_slash,
          minmay_the_grid_square_5x5_inner_z,
          minmay_the_grid_square_5x5_doubleslash,
          minmay_the_grid_square_5x5_megaprize_diamond,
          minmay_the_grid_square_5x5_two_walls_b,
          minmay_the_grid_square_5x5_seven, minmay_the_grid_square_5x5_n_small,
          minmay_the_grid_square_5x5_pentomino_r], uniq_nessos
D:13:     layout_basic
D:14:     layout_roguey, erik_vaults_2
D:15:     grunt_enter_depths_magical_seal, layout_basic,
          minmay_misc_feat_encased
Temple:   nicolae_temple_figure_zero
Lair:1:   layout_roguey, special_room [special_room_bee]
Lair:2:   layout_gridlike, lemuel_fruit_tree
Lair:3:   layout_hall_layers, minmay_swamp_entry_worms,
          minmay_snake_entry_six_corridors, ebering_ghost_funeral_grove,
          serial_bayou_pond_c, beast_lair_carwin_7, uniq_rupert
Lair:4:   layout_small_grid, minmay_lair_oklob_chamber, serial_bayou_shore_a
Lair:5:   layout_long_grid, slime_altar_2
Lair:6:   hangedman_lair_caniforms_friends, layout_misc_corridors, wormcave,
          serial_bayou, serial_bayou_lake_a, serial_bayou_lagoon_a,
          serial_bayou_shore_b, serial_bayou_pond_a, lemuel_fruit_fields
Swamp:1:  layout_basic_swamp, nicolae_swamp_godswood
Swamp:2:  layout_basic_swamp, evilmike_swamp_ruin_house_2, swamp_pool2,
          infiniplex_staircase_pool
Swamp:3:  layout_falls_marsh, portal_ice_cave_entry_pillars_four,
          gammafunk_ghost_necromancy, evilmike_swamp_ruin_house_5, swamp_pool1,
          infiniplex_staircase_pool_2
Swamp:4:  swamp_pestilence, layout_basic_swamp, uniq_kirke
Snake:1:  layout_misc_corridors, chequers_hall_statues_y
Snake:2:  layout_onion, ebering_ghost_inner_flame, nicolae_coiled_stairwell_up,
          grunt_megastairs_3
Snake:3:  layout_chambers, serial_shops, nicolae_shop_trees, uniq_saint_roka,
          uniq_aizul
Snake:4:  grunt_snake_rune_serpentine_throne, layout_rooms,
          nrook_guardian_serpent_double, minmay_shop_grove, uniq_vashnia,
          uniq_nikola, uniq_agnes
Orc:1:    layout_diamond_mine, serial_shops, shop_fountains, abandoned_shop
Orc:2:    st_orc_mages, layout_caves
Vaults:1: nicolae_vaults_minivaults, nicolae_vaults_little_squares_1,
          vaults_room_pool, grunt_vaults_diagonal, vaults_room_hallway,
          hangedman_vaults_capsules, vaults_mumra_hexcomb,
          nicolae_vaults_little_squares_6,
          nicolae_vaults_windows_and_doors_thing, hangedman_vaults_slice,
          ontoclasm_vaults_decontamination, nicolae_vaults_diagonal_hallway_6,
          grunt_vaults_hallway_short, layout_vaults_omnicross, serial_shops,
          shop, nicolae_shop_crystal
Vaults:2: hangedman_vaults_river_flow, nicolae_vaults_mini_display_case,
          grunt_vaults_funnel, v_alt_pattern_6, vaults_room_fours,
          hangedman_vaults_nails, serial_ice_b, nicolae_vaults_specimen_jars,
          layout_vaults_chaotic_city
Vaults:3: dpeg_vaults_waves, nicolae_vaults_little_squares_4, v_misc_22,
          nicolae_vaults_little_squares_3, v_misc_2,
          minmay_crypt_entry_simple_plaza, hangedman_vaults_pinch,
          vaults_room_door_hall, v_alt_pattern_4, hangedman_vaults_nodes,
          hangedman_vaults_cutoff, hangedman_vaults_maws,
          ontoclasm_vaults_ring_square, grunt_vaults_hallway_short,
          hangedman_vaults_corner_blocks, layout_vaults_maze
Vaults:4: vaults_dpeg_spiral, nicolae_vaults_twisting_passages,
          nicolae_vaults_little_squares_3, ontoclasm_vaults_ligature, v_misc_12,
          ontoclasm_vaults_ring_small, v_misc_17, nicolae_vaults_alarming,
          layout_vaults_ring, serial_shops, shop,
          portal_desolation_entry_nicolae_slug, uniq_mennas, uniq_margery,
          uniq_xtahua
Vaults:5
Depths:1: layout_cave_pools, hangedman_tar_grid_catacomb,
          hangedman_decor_growths, door_vault
Depths:2: kennysheep_scales, layout_gridville, serial_shops,
          nicolae_shop_statue_plus, hell_entry, infiniplex_staircase_squiggle,
          minmay_shoptagon
Depths:3: kennysheep_blocky_room, layout_basic, pan_entry, hell_entry
Depths:4: hangedman_crystal_crosses_colossus [crystal_crosses_arms_four,
          crystal_crosses_arms_four, crystal_crosses_arms_one,
          crystal_crosses_arms_one], abyss_entry, hell_entry
Depths:5: evilmike_zot_entry_argh, layout_basic, chequers_decorated_corner,
          grunt_hell_horde, uniq_enchantress
Zot:1:    minmay_elemental_castle, layout_cellular_growth
Zot:2:    lemuel_halls_of_wrath, layout_twisted_circle, st_stairs_3,
          guppyfry_library_mini
Zot:3:    layout_gridlike, gammafunk_ghost_door_vault,
          chequers_guarded_unrand_mask_of_the_dragon
Zot:4:    layout_basic, zot_minivault_1, grunt_megastairs_2
Zot:5:    layout_twisted_circle

Skill      XL: |  1  2  3  4  5  6  7  8  9 10 11 12 13 14 15 16 17 18 19 20 21 22 23 24 25 26 27 |
---------------+----------------------------------------------------------------------------------+-----
Axes           | 3 4 5 6 8 10 11 13 14 15 16 18 19 20 21 22 23 24 25 26 27 | 27.0
Dodging        | 1 2 3 5 6 7 8 9 10 11 12 13 14 15 16 17 18 19 20 21 22 | 22.7
Fighting       | 4 5 6 7 9 10 11 12 13 14 15 16 17 18 19 20 21 22 23 24 | 24.4
Armour         | 4 5 6 7 9 10 11 12 13 14 15 16 17 18 19 20 21 22 23 24 | 24.4
Shields        | 4 5 6 7 9 10 11 12 13 14 15 16 17 18 19 20 21 22 23 24 | 24.4
Invocations    | 2 6 8 10 | 10.0

Action                   |  1- 3 |  4- 6 |  7- 9 | 10-12 | 13-15 | 16-18 | 19-21 | 22-24 | 25-27 || total
-------------------------+-------+-------+-------+-------+-------+-------+-------+-------+-------++-------
Melee: War axe           |    73 |   227 |   231 |       |    16 |    99 |   852 |  1066 |  1238 ||  3802
       Headbutt          |     4 |    42 |    53 |   226 |   338 |   331 |   327 |   328 |   461 ||  2110
       Hand axe          |       |       |   101 |   943 |   114 |       |       |       |       ||  1158
       Broad axe         |       |       |       |       |  1290 |  1246 |   239 |       |       ||  2775
Invok: Heroism           |       |       |     1 |     3 |     3 |       |     5 |     3 |     5 ||    20
       Finesse           |       |       |       |     1 |       |       |     4 |     2 |     3 ||    10
Evoke: Wand              |       |       |       |    27 |    20 |       |     4 |     1 |    38 ||    90
  Use: Scroll            |       |     8 |     6 |     9 |    13 |    21 |    13 |    13 |    17 ||   100
       Potion            |       |       |       |     2 |       |     1 |     6 |     3 |    15 ||    27
 Stab: Paralysed         |       |       |       |    12 |    10 |       |       |       |       ||    22
       Distracted        |       |       |       |       |     1 |     2 |       |     2 |       ||     5
       Petrified         |       |       |       |       |    11 |       |       |       |       ||    11
       Petrifying        |       |       |       |       |     1 |       |       |       |       ||     1
       Confused          |       |       |       |       |       |     1 |       |       |       ||     1
Armor: Scale mail        |    42 |    86 |   100 |       |       |       |       |       |       ||   228
       Chain mail        |       |       |    46 |   362 |   472 |   295 |   319 |   473 |   307 ||  2274
       Swamp dragon scal |       |       |       |       |       |   190 |       |       |       ||   190
Dodge: Dodged            |    25 |    86 |   116 |   251 |   499 |   649 |   429 |   663 |   558 ||  3276
Block: Kite shield       |    62 |   131 |   143 |   196 |   977 |  1079 |   870 |  1164 |   863 ||  5485
       Tower shield      |       |       |       |   584 |       |       |       |       |       ||   584

Table legend: (Time is in decaauts)
 A = Elapsed time spent in this place.
 B = Non-inter-level travel time spent in this place.
 C = Inter-level travel time spent in this place.
 D = Time resting spent in this place.
 E = Time spent auto-exploring this place.
 F = Levels seen in this place.
 G = Mean time per level.
                   A        B        C        D        E       F      G
               +--------+--------+--------+--------+--------+-----+--------+
         Total |  56814 |  53443 |   3371 |  15444 |  24379 |  49 | 1159.5 |
       Dungeon |  14501 |  13250 |   1251 |   2175 |   6880 |  15 |  966.7 |
        Temple |    117 |    105 |     12 |      0 |     93 |   1 |  117.0 |
          Lair |   6279 |   5536 |    743 |    471 |   3682 |   6 | 1046.5 |
         Swamp |   4486 |   4222 |    264 |   1207 |   2009 |   4 | 1121.5 |
     Snake Pit |   6029 |   5747 |    282 |   2520 |   2075 |   4 | 1507.2 |
  Orcish Mines |   1658 |   1574 |     84 |    366 |    748 |   2 |  829.0 |
        Vaults |  10182 |   9767 |    415 |   4558 |   3490 |   5 | 2036.4 |
        Depths |   5253 |   5125 |    128 |   1279 |   2548 |   5 | 1050.6 |
           Zot |   6850 |   6661 |    189 |   2351 |   2485 |   5 | 1370.0 |
      Ice Cave |    501 |    501 |      0 |    104 |    175 |   1 |  501.0 |
    Desolation |    954 |    954 |      0 |    411 |    192 |   1 |  954.0 |
               +--------+--------+--------+--------+--------+-----+--------+

Top non-repeatable levels by time:
Vaults:4: 4669 daAuts
 Snake:4: 2273 daAuts
 Swamp:4: 2114 daAuts
 Snake:3: 2040 daAuts
Vaults:3: 1919 daAuts
   Zot:3: 1803 daAuts
   Zot:4: 1661 daAuts
    D:11: 1660 daAuts
Depths:5: 1615 daAuts
Vaults:1: 1590 daAuts
   Zot:1: 1401 daAuts
  Lair:6: 1390 daAuts
   Zot:2: 1289 daAuts
  Lair:3: 1287 daAuts
     D:8: 1285 daAuts
